General information
- name: BNet
- type: Ladder team game (AT/RT)
- host: Battle.net
- saver: BEAR_AND
map: Monsoon
- players: 6
- length: 29:20
- speed: Fast
- version: 1.26 W3XP
- replay type:

» download(184 KB)
Players
team 1 (loser)
kai(blake) (
blue | 36 APM | 949 actions | 26:20)
2 Lich
1 Frost Nova
1 Dark Ritual
» actions
| Basic commands | 16 | |
| Build / train | 52 | |
| ESC pressed | 1 | |
| Enter build submenu | 25 | |
| Enter hero's abilities submenu | 2 | |
| Right click | 531 | |
| Select / deselect | 290 | |
| Use ability | 31 | |
949 total
» units
| Acolyte | 14 | |
| Ghoul | 13 | |
| Frost Wyrm | 7 | |
34 total
» upgrades
| Creature Carapace | 3 | |
| Creature Attack | 3 | |
| Freezing Breath | 1 | |
7 total
» buildings
| Crypt | 2 | |
| Ziggurat | 9 | |
| Altar of Darkness | 1 | |
| Graveyard | 1 | |
| Halls of the Dead | 1 | |
| Sacrificial Pit | 1 | |
| Black Citadel | 1 | |
| Spirit Tower | 1 | |
| Nerubian Tower | 1 | |
| Boneyard | 2 | |
| Tomb of Relics | 1 | |
21 total
» build order
00:12 Crypt
00:15 Crypt
00:37 Ziggurat
01:03 Altar of Darkness
01:36 Ziggurat
03:59 Ziggurat
04:50 Graveyard
07:26 Halls of the Dead
09:48 Sacrificial Pit
09:55 Black Citadel
11:54 Spirit Tower
12:01 Nerubian Tower
12:40 Boneyard
12:43 Boneyard
14:12 Tomb of Relics
14:19 Ziggurat
14:21 Ziggurat
14:24 Ziggurat
19:31 Ziggurat
20:12 Ziggurat
20:14 Ziggurat
» items
| Dust of Appearance | 1 | |
| Potion of Healing | 1 | |
| Potion of Mana | 2 | |
4 total
Kai25 (
orange | 50 APM | 1371 actions | 27:30)
4 Archmage
1 Summon Water Elemental
1 Brilliance Aura
2 Blizzard
3 Paladin
2 Divine Shield
1 Holy Light
» actions
| Basic commands | 145 | |
| Build / train | 74 | |
| Enter build submenu | 19 | |
| Enter hero's abilities submenu | 7 | |
| Give item / drop item | 1 | |
| Remove unit from queue | 3 | |
| Right click | 662 | |
| Select / deselect | 409 | |
| Use ability | 51 | |
1371 total
» units
| Peasant | 14 | |
| Footman | 10 | |
| Rifleman | 6 | |
| Knight | 8 | |
| Priest | 4 | |
| Sorceress | 2 | |
44 total
» upgrades
| Plating | 3 | |
| Gunpowder | 1 | |
| Swords | 3 | |
| Long Rifles | 1 | |
| Lumber Harvesting | 2 | |
| Priest Training | 2 | |
| Animal War Training | 1 | |
| Magic Sentry | 1 | |
| Sorceress Training | 1 | |
15 total
» buildings
| Altar of Kings | 1 | |
| Farm | 10 | |
| Barracks | 2 | |
| Blacksmith | 1 | |
| Town Hall | 1 | |
| Keep | 1 | |
| Castle | 1 | |
| Lumber Mill | 1 | |
| Arcane Sanctum | 2 | |
| Arcane Vault | 1 | |
21 total
» build order
00:03 Altar of Kings
00:08 Farm
00:33 Barracks
00:59 Farm
01:29 Farm
02:05 Blacksmith
02:09 Farm
02:42 Farm
03:49 Farm
03:50 Farm
04:51 Barracks
05:25 Farm
06:20 Town Hall
08:44 Keep
10:00 Farm
10:01 Farm
11:29 Castle
11:39 Lumber Mill
14:21 Arcane Sanctum
14:25 Arcane Sanctum
21:49 Arcane Vault
» items
michaeldean123 (
teal | 44 APM | 1276 actions | 29:16)
4 Paladin
2 Holy Light
2 Divine Shield
» actions
| Build / train | 65 | |
| Enter build submenu | 15 | |
| Enter hero's abilities submenu | 4 | |
| Right click | 868 | |
| Select / deselect | 273 | |
| Use ability | 51 | |
1276 total
» units
| Peasant | 12 | |
| Footman | 9 | |
| Rifleman | 3 | |
| Priest | 7 | |
| Gryphon Rider | 9 | |
| Dragonhawk Rider | 9 | |
| Knight | 6 | |
55 total
» upgrades
| Long Rifles | 1 | |
| Storm Hammers | 1 | |
| Cloud | 1 | |
3 total
» buildings
| Altar of Kings | 1 | |
| Farm | 15 | |
| Barracks | 3 | |
| Keep | 1 | |
| Lumber Mill | 1 | |
| Blacksmith | 1 | |
| Arcane Sanctum | 1 | |
| Castle | 1 | |
| Gryphon Aviary | 2 | |
| Arcane Vault | 1 | |
| Town Hall | 1 | |
28 total
» build order
00:22 Altar of Kings
00:33 Farm
00:34 Farm
00:37 Farm
02:14 Barracks
02:15 Barracks
03:40 Barracks
03:59 Keep
04:23 Lumber Mill
04:31 Blacksmith
07:25 Farm
07:26 Farm
07:27 Farm
07:30 Farm
08:56 Arcane Sanctum
09:26 Castle
09:48 Gryphon Aviary
09:54 Arcane Vault
10:01 Farm
10:05 Farm
10:08 Farm
11:34 Town Hall
12:05 Gryphon Aviary
14:39 Farm
14:40 Farm
14:41 Farm
14:44 Farm
14:46 Farm
team 2 (winner)
BEAR_AND (
red | 104 APM | 3059 actions | 29:20)
5 Archmage
3 Blizzard
2 Brilliance Aura
4 Blood Mage
2 Flame Strike
2 Banish
3 Paladin
2 Holy Light
1 Divine Shield
» actions
| Assign group hotkey | 14 | |
| Basic commands | 16 | |
| Build / train | 137 | |
| Enter build submenu | 72 | |
| Enter hero's abilities submenu | 12 | |
| Give item / drop item | 5 | |
| Remove unit from queue | 2 | |
| Right click | 1839 | |
| Select / deselect | 364 | |
| Select group hotkey | 375 | |
| Use ability | 223 | |
3059 total
» units
| Peasant | 26 | |
| Sorceress | 1 | |
| Priest | 1 | |
| Dragonhawk Rider | 7 | |
35 total
» upgrades
| Lumber Harvesting | 2 | |
| Masonry | 3 | |
| Magic Sentry | 1 | |
| Priest Training | 1 | |
| Sorceress Training | 1 | |
| Swords | 1 | |
| Gunpowder | 0 | |
| Armor | 1 | |
10 total
» buildings
| Altar of Kings | 1 | |
| Farm | 5 | |
| Scout Tower | 106 | |
| Arcane Tower | 8 | |
| Lumber Mill | 1 | |
| Guard Tower | 44 | |
| Keep | 4 | |
| Town Hall | 2 | |
| Castle | 3 | |
| Arcane Vault | 3 | |
| Gryphon Aviary | 2 | |
| Arcane Sanctum | 1 | |
| Blacksmith | 1 | |
181 total
» build order
00:18 Altar of Kings
00:22 Farm
01:31 Scout Tower
01:43 Farm
01:57 Scout Tower
01:59 Arcane Tower
02:02 Lumber Mill
02:24 Scout Tower
02:27 Scout Tower
03:05 Guard Tower
03:05 Guard Tower
03:07 Scout Tower
03:40 Scout Tower
03:42 Scout Tower
03:42 Scout Tower
03:44 Scout Tower
03:46 Scout Tower
03:47 Scout Tower
03:48 Scout Tower
03:48 Scout Tower
03:49 Scout Tower
03:54 Guard Tower
03:54 Guard Tower
03:56 Scout Tower
03:57 Scout Tower
03:59 Scout Tower
04:03 Scout Tower
04:11 Guard Tower
04:12 Guard Tower
04:17 Guard Tower
04:18 Guard Tower
04:18 Guard Tower
04:25 Keep
04:26 Keep
04:32 Guard Tower
04:35 Scout Tower
04:35 Scout Tower
04:36 Scout Tower
04:36 Scout Tower
04:37 Scout Tower
04:38 Scout Tower
04:39 Scout Tower
05:09 Guard Tower
05:12 Guard Tower
05:34 Guard Tower
05:35 Guard Tower
05:48 Town Hall
05:59 Scout Tower
06:00 Scout Tower
06:16 Scout Tower
06:19 Scout Tower
06:23 Scout Tower
06:24 Scout Tower
07:15 Guard Tower
07:17 Scout Tower
07:19 Scout Tower
07:19 Scout Tower
07:20 Scout Tower
07:21 Scout Tower
07:26 Guard Tower
07:31 Scout Tower
07:32 Scout Tower
07:33 Scout Tower
07:33 Scout Tower
07:34 Scout Tower
07:36 Scout Tower
07:39 Scout Tower
07:39 Scout Tower
08:26 Scout Tower
08:28 Guard Tower
09:22 Arcane Tower
09:23 Scout Tower
09:24 Scout Tower
09:25 Scout Tower
09:27 Guard Tower
09:44 Guard Tower
09:45 Guard Tower
09:45 Guard Tower
09:46 Guard Tower
09:56 Scout Tower
09:57 Scout Tower
09:58 Scout Tower
10:00 Scout Tower
10:44 Arcane Tower
10:44 Arcane Tower
10:45 Arcane Tower
10:45 Arcane Tower
11:20 Castle
11:20 Castle
11:21 Guard Tower
11:22 Guard Tower
12:04 Scout Tower
12:05 Scout Tower
12:06 Scout Tower
12:10 Arcane Vault
12:13 Arcane Vault
12:15 Guard Tower
12:22 Arcane Vault
12:36 Guard Tower
12:38 Scout Tower
12:39 Scout Tower
12:46 Scout Tower
12:47 Scout Tower
12:48 Scout Tower
12:49 Scout Tower
13:06 Gryphon Aviary
13:08 Gryphon Aviary
13:31 Arcane Tower
13:31 Guard Tower
13:31 Guard Tower
13:53 Arcane Sanctum
14:14 Guard Tower
14:15 Arcane Tower
14:24 Scout Tower
14:25 Scout Tower
14:28 Scout Tower
14:28 Scout Tower
14:29 Scout Tower
14:29 Scout Tower
14:31 Scout Tower
14:31 Scout Tower
14:32 Scout Tower
14:33 Scout Tower
14:35 Scout Tower
15:43 Guard Tower
16:25 Guard Tower
16:37 Guard Tower
16:46 Farm
16:47 Farm
16:48 Farm
17:21 Guard Tower
17:25 Guard Tower
18:09 Guard Tower
18:15 Scout Tower
18:16 Scout Tower
18:17 Scout Tower
18:18 Scout Tower
19:10 Scout Tower
19:11 Scout Tower
19:12 Scout Tower
19:13 Scout Tower
19:13 Scout Tower
19:14 Scout Tower
19:14 Scout Tower
19:15 Scout Tower
19:15 Scout Tower
19:16 Scout Tower
21:49 Guard Tower
22:04 Blacksmith
22:31 Town Hall
22:36 Scout Tower
22:37 Scout Tower
22:38 Scout Tower
22:38 Scout Tower
22:39 Scout Tower
22:40 Scout Tower
22:40 Scout Tower
22:41 Scout Tower
22:43 Scout Tower
22:44 Scout Tower
22:45 Scout Tower
24:17 Guard Tower
24:18 Guard Tower
24:21 Scout Tower
24:22 Scout Tower
24:22 Scout Tower
24:23 Scout Tower
24:24 Scout Tower
24:27 Scout Tower
24:28 Scout Tower
24:29 Scout Tower
24:30 Scout Tower
» items
| Boots of Speed | 2 | |
| Staff of Teleportation | 2 | |
| Potion of Lesser Invulnerability | 1 | |
| Orb of Lightning | 2 | |
| Healing Salve | 2 | |
| Lesser Clarity Potion | 1 | |
10 total
timg4strok (
green | 87 APM | 2559 actions | 29:16)
5 Warden
2 Shadow Strike
3 Blink
3 Keeper of the Grove
2 Entangling Roots
1 Thorns Aura
» actions
| Assign group hotkey | 7 | |
| Basic commands | 13 | |
| Build / train | 63 | |
| ESC pressed | 3 | |
| Enter build submenu | 30 | |
| Enter hero's abilities submenu | 8 | |
| Give item / drop item | 7 | |
| Right click | 1318 | |
| Select / deselect | 125 | |
| Select group hotkey | 841 | |
| Use ability | 143 | |
2559 total
» units
» upgrades
| Ultravision | 1 | |
| Well Spring | 1 | |
| Strength of the Wild | 3 | |
| Reinforced Hides | 4 | |
| Druid of the Talon Training | 1 | |
| Corrosive Breath | 1 | |
11 total
» buildings
| Altar of Elders | 1 | |
| Moon Well | 19 | |
| Tree of Ages | 2 | |
| Tree of Life | 3 | |
| Tree of Eternity | 1 | |
| Ancient of Wonders | 1 | |
| Ancient of Wind | 1 | |
| Chimaera Roost | 2 | |
| Hunter's Hall | 1 | |
31 total
» build order
00:10 Altar of Elders
00:18 Moon Well
01:42 Moon Well
04:23 Tree of Ages
04:23 Tree of Ages
04:48 Moon Well
04:48 Moon Well
04:53 Moon Well
05:37 Tree of Life
05:49 Tree of Life
06:02 Tree of Life
06:12 Moon Well
06:12 Moon Well
06:14 Moon Well
07:18 Moon Well
07:19 Moon Well
07:20 Moon Well
07:21 Moon Well
07:29 Tree of Eternity
09:26 Ancient of Wonders
09:31 Moon Well
09:31 Moon Well
09:35 Moon Well
09:36 Moon Well
10:39 Ancient of Wind
11:48 Chimaera Roost
11:49 Chimaera Roost
13:01 Hunter's Hall
19:27 Moon Well
21:37 Moon Well
21:38 Moon Well
» items
| Boots of Speed | 2 | |
| Staff of Teleportation | 2 | |
| Orb of Venom | 2 | |
6 total
TurboLunch (
yellow | 88 APM | 2578 actions | 29:16)
7 Blademaster
3 Wind Walk
3 Critical Strike
1 Bladestorm
» actions
| Assign group hotkey | 383 | |
| Basic commands | 20 | |
| Build / train | 72 | |
| ESC pressed | 5 | |
| Enter build submenu | 80 | |
| Enter hero's abilities submenu | 7 | |
| Give item / drop item | 3 | |
| Right click | 1233 | |
| Select / deselect | 288 | |
| Select group hotkey | 293 | |
| Use ability | 192 | |
2578 total
» units
» upgrades
| Spiked Barricades | 2 | |
| Liquid Fire | 1 | |
| Reinforced Defenses | 1 | |
4 total
» buildings
| Altar of Storms | 1 | |
| Orc Burrow | 5 | |
| War Mill | 1 | |
| Watch Tower | 57 | |
| Voodoo Lounge | 4 | |
| Stronghold | 4 | |
| Beastiary | 4 | |
| Great Hall | 4 | |
| Fortress | 2 | |
82 total
» build order
00:02 Altar of Storms
00:04 Orc Burrow
00:55 War Mill
01:23 Orc Burrow
02:12 Watch Tower
02:13 Watch Tower
03:18 Voodoo Lounge
03:24 Watch Tower
03:25 Watch Tower
03:32 Watch Tower
03:34 Watch Tower
03:52 Watch Tower
03:53 Watch Tower
03:56 Watch Tower
03:57 Watch Tower
04:07 Voodoo Lounge
04:17 Watch Tower
04:21 Stronghold
04:21 Stronghold
04:21 Stronghold
04:54 Watch Tower
05:45 Watch Tower
05:49 Watch Tower
05:52 Watch Tower
06:02 Watch Tower
06:03 Watch Tower
06:20 Orc Burrow
07:18 Watch Tower
07:20 Watch Tower
07:54 Watch Tower
08:27 Beastiary
08:28 Beastiary
08:36 Watch Tower
09:35 Watch Tower
09:36 Watch Tower
09:56 Great Hall
09:59 Fortress
10:00 Fortress
10:12 Voodoo Lounge
10:19 Voodoo Lounge
11:49 Orc Burrow
12:28 Watch Tower
12:30 Watch Tower
12:31 Watch Tower
12:32 Watch Tower
13:00 Watch Tower
13:02 Watch Tower
13:03 Watch Tower
17:39 Watch Tower
17:41 Watch Tower
17:42 Watch Tower
18:17 Watch Tower
19:18 Great Hall
19:23 Great Hall
19:25 Watch Tower
19:47 Great Hall
21:32 Watch Tower
21:32 Watch Tower
21:32 Watch Tower
21:34 Watch Tower
21:35 Watch Tower
21:36 Watch Tower
21:37 Watch Tower
21:37 Watch Tower
21:38 Watch Tower
21:39 Watch Tower
21:39 Watch Tower
21:39 Watch Tower
23:02 Beastiary
23:02 Beastiary
23:05 Watch Tower
23:05 Watch Tower
24:19 Orc Burrow
24:49 Watch Tower
24:51 Watch Tower
24:52 Watch Tower
24:52 Watch Tower
24:54 Watch Tower
28:06 Watch Tower
28:07 Watch Tower
28:09 Watch Tower
» items
| Healing Salve | 8 | |
| Boots of Speed | 1 | |
| Circlet of Nobility | 1 | |
| Staff of Teleportation | 1 | |
| Lesser Clarity Potion | 1 | |
| Orb of Lightning | 1 | |
| Scroll of Town Portal | 1 | |
14 total
Chat log
(02:56 / All) TurboLunch: nice surround
(02:58 / All) TurboLunch: dramatic pause
(02:59 / All) TurboLunch: not
(03:04 / All) Kai25: ?
(08:04 / All) BEAR_AND: how u hurt me during tp?
(08:20 / All) kai(blake): hacks
(16:50 / Allies) BEAR_AND: Use of the Moon
(21:12 / All) BEAR_AND: good clouding
(26:24 / All) BEAR_AND: clan towa
(26:25 / All) BEAR_AND: 2012
(26:29 / All) Kai25: ?
(26:32 / All) BEAR_AND: its me
(26:59 / All) Kai25: This our third time playing all together,,,,
(27:07 / All) TurboLunch: this is our first.. jk it's our millionthth
(27:21 / All) Kai25: Not going to lie, you guys got us good,.
(27:24 / All) BEAR_AND: lol
(28:55 / All) BEAR_AND: listen michael dean
(29:00 / All) BEAR_AND: call it
(29:10 / All) michaeldean123: gg
(29:12 / All) TurboLunch: we have been doin this same strat
(29:13 / All) BEAR_AND: : - )
(29:15 / All) TurboLunch: since the summer of '2004